 Dungeon Crawl Stone Soup version 0.29.1-12-g30fa7ad0bf (webtiles) character file.

Game seed: 3002813239050493883

66913 Rrauwl the Severer (level 14, -4/193 HPs)
             Began as a Minotaur Fighter on Dec 17, 2022.
             Was a High Priest of Okawaru.
             Slain by an orc warrior
             ... wielding a +0 glaive
              (16 damage)
             ... on level 2 of the Orcish Mines on Dec 18, 2022.
             The game lasted 01:14:22 (17282 turns).

Rrauwl the Severer (Minotaur Fighter)              Turns: 17282, Time: 01:14:22

Health: -4/193     AC: 20    Str: 25    XL:     14   Next: 81%
Magic:  16/16      EV: 12    Int:  5    God:    Okawaru [*****.]
Gold:   1982       SH:  8    Dex: 11    Spells: 13/13 levels left

rFire   + . .      SeeInvis +   a - +14 obsidian axe {vorpal, Mesm Drain Fly SInv}
rCold   . . .      Faith    .   M - +2 buckler of the Old World {+Inv rElec rPois rN++}
rNeg    + + .      Spirit   .   P - +2 ring mail {rF+}
rPois   +          Reflect  .   (helmet restricted)
rElec   +          Harm     .   f - +2 cloak
rCorr   .          Rampage  .   O - +0 pair of gloves
Will    ++...                   g - +0 pair of boots
Stlth   ..........              i - amulet of regeneration
HPRegen 1.22/turn               y - ring of willpower
MPRegen 0.15/turn               z - +4 ring of protection

@: berserking, flying, mesmerised, very quick
A: horns 2, retaliatory headbutt, subdued magic 1
a: Renounce Religion, Evoke Invisibility, Heroism, Finesse, Duel


You were on level 2 of the Orcish Mines.
You worshipped Okawaru.
Okawaru was extremely pleased with you.
You visited 4 branches of the dungeon, and saw 21 of its levels.
You visited the Abyss 1 time.
You also visited: Volcano.

You collected 2234 gold pieces.
You spent 252 gold pieces at shops.

Inventory:

Hand Weapons
 a - the +14 obsidian axe (weapon) {vorpal, Mesm Drain Fly SInv}
   (You acquired it on level 2 of the Lair of Beasts)

   It inflicts extra damage upon your enemies.
   It occasionally summons demons to assist the wielder when it strikes in
   combat.
   Its wielder is mesmerised by any visible foes.
   It cannot be unequipped while any foes are visible.
   SInv:      It lets you see invisible.
   Fly:       It grants you flight.
   Drain:     It drains your maximum health when unequipped.
 p - a +0 war axe of flaming
 L - a +0 broad axe
Missiles
 F - 2 throwing nets (quivered)
Armour
 f - a +2 cloak (worn)
 g - a +0 pair of boots (worn)
 B - a +0 troll leather armour
 M - the +2 buckler of the Old World (worn) {+Inv rElec rPois rN++}
   (Okawaru gifted it to you on level 14 of the Dungeon)

   rElec:     It insulates you from electricity.
   rPois:     It protects you from poison.
   rN:        It greatly protects you from negative energy.
   +Inv:      It lets you turn invisible.
 O - a +0 pair of gloves (worn)
 P - a +2 ring mail of fire resistance (worn)
Jewellery
 d - a ring of poison resistance
 i - an amulet of regeneration (around neck)
 w - a +4 ring of evasion
 y - a ring of willpower (left hand)
 z - a +4 ring of protection (right hand)
 A - a ring of resist corrosion
 D - an amulet of guardian spirit
 I - an amulet of faith
Wands
 b - a wand of roots (10)
 k - a wand of paralysis (8)
 n - a wand of mindburst (23)
 o - a wand of polymorph (5)
 q - a wand of light (5)
 G - a wand of flame (43)
Scrolls
 j - 10 scrolls of blinking
 l - 9 scrolls of teleportation
 r - 2 scrolls of fog
 s - 11 scrolls of identify
 v - 3 scrolls of amnesia
 x - 2 scrolls of poison
 C - 3 scrolls of fear
 J - a scroll of immolation
 K - a scroll of silence
 Q - 2 scrolls of enchant armour
Potions
 c - 2 potions of flight
 e - 3 potions of cancellation
 h - 4 potions of curing
 m - a potion of magic
 u - 7 potions of attraction
 E - 4 potions of lignification
 H - a potion of might
 N - a potion of berserk rage


   Skills:
 + Level 13.6 Fighting
 - Level 20.0 Axes
 + Level 13.6 Armour
 - Level 5.0 Dodging
 - Level 5.0 Stealth
 + Level 10.8 Shields
 - Level 5.0 Invocations
 - Level 5.0 Evocations


You had 13 spell levels left.
You didn't know any spells.
Your spell library contained the following spells:

 Spells                   Type           Power      Damage    Failure   Level
 Static Discharge         Conj/Air       0%         3-3/arc   75%         2
 Ignite Poison            Fire/Tmut/Pois 0%         N/A       93%         3
 Mephitic Cloud           Conj/Pois/Air  0%         N/A       93%         3
 Dispel Undead            Necr           0%         3d6       100%        4
 Sticky Flame             Conj/Fire      0%         2d3       100%        4
 Freezing Cloud           Conj/Ice/Air   0%         6-21      100%        5


Dungeon Overview and Level Annotations

Branches:
Dungeon (15/15)            Temple (1/1) D:4            Lair (3/5) D:9
  Swamp (0/4) Lair:2       Spider (0/4) Lair:2          Orc (2/2) D:10
    Elf (0/3) Orc:2        Vaults (0/5) D:13         Depths (0/4) D:15
Volcano (visited)

Altars:
Ashenzari
Cheibriados
Dithmenos
Elyvilon
Fedhas
Gozag
Hepliaklqana
Kikubaaqudgha
Makhleb
Nemelex Xobeh
Okawaru
Qazlal
Ru
Sif Muna
Trog
Uskayaw
Vehumet
Wu Jian
Xom
Yredelemnul
Zin
The Shining One

Shops:
D:6 (   D:15 *   Orc:2 ?*


Innate Abilities, Weirdness & Mutations

You have a pair of horns on your head.
You reflexively headbutt those who attack you in melee.
Your spells are a little easier to cast, but a little less powerful.


Message History

You kill the orc sorcerer!
Okawaru accepts your kill.
An orc sorcerer comes into view. It is wielding a +0 dagger.
The orc warrior hits you from afar with a +0 glaive!!
* * * LOW HITPOINT WARNING * * *
Your life force feels restored.
You feel much better.
Visions of slaying the orc sorcerer flood into your mind.
The orc high priest mumbles some strange prayers to Beogh.
The orc knight hits you but does no damage.
The orc sorcerer hits you but does no damage.
The orc sorcerer casts a spell.
You block the orc warrior's attack.
You hit the orc knight.
The orc knight is almost dead.
You hit the orc sorcerer.
The orc high priest hits you from afar with a +0 glaive!
* * * LOW HITPOINT WARNING * * *
A demonspawn comes into view.
The orc knight hits you with a +0 long sword.
* * * LOW HITPOINT WARNING * * *
The orc sorcerer barely misses you. You block the orc warrior's attack.
You slash the orc knight!
You kill the orc knight!
Okawaru accepts your kill.
You closely miss the orc sorcerer.
Unknown command.
You barely miss the orc sorcerer. Your headbutt misses the orc sorcerer.
The orc sorcerer is lightly wounded.
The orc warrior barely misses you.
The orc sorcerer mumbles some strange words.
The orc high priest calls down the wrath of Beogh upon you.
Beogh smites you!
* * * LOW HITPOINT WARNING * * *
You hear a shout!
A red film seems to cover your vision as you go berserk!
You feel yourself moving faster!
You feel mighty!
The orc high priest hits you but does no damage.
The orc warrior hits you from afar with a +0 glaive!
You die...

##.###).##
##...###..##
##.#.#.###..##
##...#...###..##
##...###...###..#
##...##
##...###..
##.).## ##...)...
#..)## ##...#..
#.#@## ##....#
#..)ooo.# ##....
#....o#3## ##..#
##.....3.# ##)...
##.#.# .4#
##...)# ##...
#.o# ##)..#.) #..
#.6.##....))) ##.
#.##...###))
#...###))#


You could see a demonspawn, an orc knight (strong), an orc high priest (strong),
a sun demon (summoned), a smoke demon (summoned), 2 orc sorcerers, a red devil
(summoned) and an orc warrior (strong).

Vanquished Creatures
  Jorgrun (D:14)
  Kirke (D:15)
  A stone giant (Volcano)
  An ironbound preserver (D:13)
  An ettin (D:15)
  3 fire dragons (D:15)
  A boulder beetle (D:11)
  An ice dragon (D:15)
  3 hydras
  5 centaur warriors
  A death knight (D:14)
  5 two-headed ogres
  A tengu warrior (D:13)
  6 death yaks (Lair:1)
  Sonja (Lair:2)
  2 orc high priests (Orc:2)
  A bog body (Lair:2)
  A glowing orange brain (D:15)
  Pikel (D:5)
  6 deep elf pyromancers
  4 orc knights
  14 ugly things (D:14)
  4 manticores
  8 slime creatures (D:13)
  4 cyclopes
  An orc sorcerer (Orc:2)
  2 black mambas (Lair:2)
  4 cane toads
  2 molten gargoyles (Volcano)
  A gargoyle (D:11)
  2 rime drakes
  3 yaktaurs (D:14)
  An efreet (Volcano)
  2 freezing wraiths (D:14)
  4 komodo dragons
  4 unseen horrors
  A kobold demonologist (D:12)
  A tengu conjurer (D:15)
  2 ice devils (Orc:2)
  3 meliai (D:14)
  2 hornets
  A polar bear (Lair:3)
  5 trolls
  Grinder (D:5)
  16 blink frogs
  A raiju (Abyss:1)
  Sigmund (D:4)
  2 shadows
  A jumping spider (shapeshifter) (D:14)
  7 wraiths
  A ynoxinul (Orc:2)
  16 yaks
  A vampire (D:12)
  2 hogs (D:15)
  5 wyverns
  3 humans (D:15)
  2 fire bats (Volcano)
  2 fire elementals (Volcano)
  2 basilisks
  A redback (D:15)
  A vampire mosquito (D:13)
  Edmund (D:5)
  3 swamp worms (Lair:2)
  3 acid dragons
  A warg (Orc:2)
  4 water moccasins
  2 black bears
  24 orc warriors
  5 ogres
  12 centaurs
  4 lemures (D:5)
  2 phantoms
  A kobold brigand (D:9)
  8 bullfrogs
  2 necrophages (D:5)
  2 gnoll sergeants
  5 scorpions
  A water moccasin zombie (D:5)
  2 earth elementals (Volcano)
  7 wights
  10 killer bees
  An electric eel (Lair:2)
  A bullfrog zombie (D:5)
  5 lava snakes (Volcano)
  A human zombie (D:5)
  22 orc priests
  5 hounds
  5 jellies
  Jessica (D:2)
  A scorpion zombie (D:5)
  Ijyb (D:4)
  5 iguanas
  15 orc wizards
  A killer bee zombie (D:5)
  A boggart simulacrum (D:14)
  2 mummies (D:5)
  A howler monkey zombie (D:5)
  11 adders
  11 gnolls
  2 shadow imps
  A white imp (Abyss:3)
  A worm (D:2)
  A dart slug (D:1)
  63 orcs
  7 ball pythons
  6 endoplasms
  7 giant cockroaches
  4 hobgoblins
  8 jackals
  11 quokkas
  11 bats
  5 frilled lizards
  10 goblins
  11 kobolds
  6 rats
526 creatures vanquished.

Vanquished Creatures (others)
  A yaktaur (D:14)
  10 fungi
  4 plants
15 creatures vanquished.

Grand Total: 541 creatures vanquished

Notes
Turn   | Place    | Note
-------+----------+-------------------------------------------
     0 | D:1      | Rrauwl the Minotaur Fighter began the quest for the Orb.
     0 | D:1      | Reached XP level 1. HP: 19/19 MP: 0/0
   219 | D:1      | Reached XP level 2. HP: 26/27 MP: 1/1
   888 | D:2      | Reached XP level 3. HP: 33/33 MP: 2/2
  1082 | D:2      | Noticed Jessica
  1087 | D:2      | Killed Jessica
  1088 | D:2      | Reached skill level 3 in Axes
  1211 | D:2      | Reached XP level 4. HP: 37/40 MP: 3/3
  1344 | D:2      | Reached skill level 5 in Armour
  1807 | D:3      | Reached skill level 4 in Axes
  1811 | D:3      | Reached XP level 5. HP: 46/46 MP: 4/4
  2083 | D:3      | Found an opulent altar of Gozag.
  2083 | D:3      | Found a glowing silver altar of Zin.
  2387 | D:4      | Reached skill level 5 in Axes
  2572 | D:4      | Noticed an ogre
  2574 | D:4      | Noticed Sigmund
  2581 | D:4      | Killed an ogre
  2582 | D:4      | Reached XP level 6. HP: 53/53 MP: 5/5
  2588 | D:4      | Killed Sigmund
  2589 | D:4      | Reached skill level 6 in Axes
  2589 | D:4      | Reached skill level 1 in Stealth
  2589 | D:4      | Reached XP level 7. HP: 49/60 MP: 6/6
  2813 | D:4      | Reached skill level 7 in Axes
  2838 | D:4      | Noticed a two-headed ogre
  2842 | D:4      | Noticed Ijyb
  2846 | D:4      | Killed a two-headed ogre
  2847 | D:4      | Reached skill level 5 in Fighting
  2847 | D:4      | Reached skill level 8 in Axes
  2847 | D:4      | Reached skill level 1 in Dodging
  2847 | D:4      | Reached skill level 1 in Evocations
  2847 | D:4      | Reached XP level 8. HP: 69/69 MP: 7/7
  2857 | D:4      | Killed Ijyb
  3201 | D:4      | Found a staircase to the Ecumenical Temple.
  3207 | Temple   | Entered the Ecumenical Temple
  3279 | Temple   | Became a worshipper of Warmaster Okawaru
  3408 | D:5      | Entered Level 5 of the Dungeon
  3537 | D:5      | Reached skill level 9 in Axes
  3554 | D:5      | Reached * piety under Okawaru
  3637 | D:5      | You fall into a shaft and drop 3 floors!
  3659 | D:8      | Reached XP level 9. HP: 68/75 MP: 5/8
  3775 | D:7      | Reached skill level 10 in Axes
  3882 | D:5      | Noticed Grinder
  3890 | D:5      | Paralysed by Grinder for 5 turns
  3904 | D:5      | Killed Grinder
  3905 | D:5      | Reached skill level 5 in Shields
  3947 | D:5      | Noticed Edmund
  3972 | D:5      | Killed Edmund
  4292 | D:5      | Reached ** piety under Okawaru
  4303 | D:5      | Reached skill level 11 in Axes
  4330 | D:5      | Found an ancient bone altar of Kikubaaqudgha.
  4400 | D:6      | Noticed Pikel
  4444 | D:5      | Killed Pikel
  4445 | D:5      | Reached skill level 12 in Axes
  4445 | D:5      | Reached skill level 1 in Invocations
  4530 | D:6      | Found a sacrificial altar of Ru.
  4598 | D:6      | Found Katism's Weapon Emporium.
  5069 | D:7      | Reached *** piety under Okawaru
  5070 | D:7      | Reached XP level 10. HP: 86/86 MP: 9/9
  5100 | D:7      | Found a stormy altar of Qazlal.
  5148 | D:7      | Noticed a cyclops
  5188 | D:7      | Noticed a manticore
  5195 | D:7      | Killed a manticore
  5225 | D:7      | Reached skill level 13 in Axes
  5229 | D:7      | Found a shimmering blue altar of Sif Muna.
  5288 | D:7      | Noticed a deep elf pyromancer
  5289 | D:7      | Noticed a two-headed ogre
  5303 | D:7      | Killed a deep elf pyromancer
  5309 | D:7      | Killed a two-headed ogre
  5310 | D:7      | Reached skill level 14 in Axes
  5408 | D:7      | Found a radiant altar of Vehumet.
  5623 | D:7      | Killed a cyclops
  5992 | D:8      | Reached skill level 15 in Axes
  6065 | D:8      | Identified the +2 leather armour "Zadoscha" {Rampage rC+}
  6203 | D:8      | Found a blossoming altar of Fedhas.
  6388 | D:9      | Reached **** piety under Okawaru
  6392 | D:9      | Reached skill level 5 in Stealth
  6486 | D:9      | Found a staircase to the Lair.
  6527 | D:9      | Reached XP level 11. HP: 83/94 MP: 11/11
  6851 | D:9      | Reached ***** piety under Okawaru
  7196 | Lair:1   | Entered Level 1 of the Lair of Beasts
  7223 | Lair:1   | Found a dark tunnel.
  7249 | Volcano  | Entered a volcano
  7633 | Volcano  | Found a radiant altar of Vehumet.
  7640 | Volcano  | Received a gift from Okawaru
  7657 | Volcano  | Noticed a stone giant
  7719 | Volcano  | Killed a stone giant
  8135 | Lair:1   | Noticed a death yak
  8241 | Lair:1   | Gained mutation: Your spells are a little easier to cast,
                  | but a little less powerful. [potion of mutation]
  8276 | Lair:1   | Noticed a death yak
  8278 | Lair:1   | Noticed a death yak
  8286 | Lair:1   | Noticed a death yak
  8312 | Lair:1   | Noticed a death yak
  8314 | Lair:1   | Killed a death yak
  8320 | Lair:1   | Killed a death yak
  8322 | Lair:1   | Noticed a death yak
  8326 | Lair:1   | Killed a death yak
  8327 | Lair:1   | Reached skill level 10 in Fighting
  8327 | Lair:1   | Reached skill level 10 in Armour
  8334 | Lair:1   | Killed a death yak
  8335 | Lair:1   | Reached skill level 16 in Axes
  8340 | Lair:1   | Killed a death yak
  8346 | Lair:1   | Killed a death yak
  8346 | Lair:1   | Identified the +1 robe of Ceontija {Int+6} (Okawaru gifted
                  | it to you on level 1 of the Lair of Beasts)
  8346 | Lair:1   | Received a gift from Okawaru
  8719 | Lair:1   | Reached skill level 17 in Axes
  8719 | Lair:1   | Reached XP level 12. HP: 106/106 MP: 12/12
  9114 | Lair:2   | Found a hole to the Spider Nest.
  9205 | Lair:2   | Noticed Sonja
  9211 | Abyss:1  | Cast into level 1 of the Abyss (Sonja)
  9351 | Abyss:3  | Found a corrupted altar of Lugonu.
  9354 | Abyss:3  | Noticed a daeva
  9382 | Abyss:4  | Found a corrupted altar of Lugonu.
  9388 | Abyss:5  | Found an ancient bone altar of Kikubaaqudgha.
  9392 | Lair:2   | Escaped the Abyss
  9405 | Lair:2   | Killed Sonja
  9691 | Lair:2   | Identified a scroll of acquirement
  9691 | Lair:2   | Acquired the +14 obsidian axe {vorpal, Mesm Drain Fly SInv}
  9691 | Lair:2   | Found the +14 obsidian axe {vorpal, Mesm Drain Fly SInv}
  9804 | Lair:2   | Found a staircase to the Swamp.
 10132 | Lair:2   | Reached skill level 5 in Invocations
 10208 | Lair:3   | Reached skill level 5 in Evocations
 10245 | Lair:3   | Reached skill level 18 in Axes
 10383 | Lair:3   | Received a gift from Okawaru
 11067 | D:10     | Entered Level 10 of the Dungeon
 11146 | D:10     | Found a staircase to the Orcish Mines.
 11198 | D:10     | Reached skill level 19 in Axes
 11527 | D:11     | Noticed a two-headed ogre
 11536 | D:11     | Killed a two-headed ogre
 11537 | D:11     | Reached XP level 13. HP: 110/113 MP: 15/15
 11590 | D:11     | Received a gift from Okawaru
 11853 | D:11     | Reached ****** piety under Okawaru
 12560 | D:12     | Acquired 503 gold pieces
 13170 | D:13     | Received a gift from Okawaru
 13505 | D:13     | Found a gate to the Vaults.
 13505 | D:13     | Noticed an ironbound preserver
 13512 | D:13     | Killed an ironbound preserver
 13513 | D:13     | Reached skill level 5 in Dodging
 13806 | D:14     | HP: 5/116 [white ugly thing (30)]
 13807 | D:14     | Reached skill level 20 in Axes
 14064 | D:14     | Identified the +2 buckler of the Old World {+Inv rElec
                  | rPois rN++} (Okawaru gifted it to you on level 14 of the
                  | Dungeon)
 14064 | D:14     | Received a gift from Okawaru
 14094 | D:14     | Found a stormy altar of Qazlal.
 14117 | D:14     | Reached XP level 14. HP: 93/125 MP: 16/16
 14297 | D:14     | Noticed Jorgrun
 14313 | D:14     | Killed Jorgrun
 15106 | D:15     | Entered Level 15 of the Dungeon
 15106 | D:15     | Found an opulent altar of Gozag.
 15121 | D:15     | Found Gozag's Platinum Reserve.
 15148 | D:15     | Noticed Kirke
 15168 | D:15     | Killed Kirke
 15404 | D:15     | Identified the +0 hat of Restlessness {Harm rF+ Stlth+}
 15604 | D:15     | Found a staircase to the Depths.
 16001 | D:15     | Received a gift from Okawaru
 16004 | D:15     | Reached skill level 10 in Shields
 16446 | Orc:1    | Entered Level 1 of the Orcish Mines
 16683 | Orc:2    | Entered Level 2 of the Orcish Mines
 16785 | Orc:2    | Found a staircase to the Elven Halls.
 17025 | Orc:2    | Found Yppuw's General Store.
 17038 | Orc:2    | Found Sumpedoe's Magic Scroll Boutique.
 17129 | Orc:2    | Bought a potion of curing for 42 gold pieces
 17129 | Orc:2    | Bought a potion of curing for 42 gold pieces
 17131 | Orc:2    | Bought a scroll of enchant armour for 120 gold pieces
 17131 | Orc:2    | Bought a scroll of teleportation for 48 gold pieces
 17282 | Orc:2    | Slain by an orc warrior

Illustrated notes

Levels and vault maps discovered:
D:1:      dpeg_arrival_ternary, layout_loops_ring, kennysheep_boxes
D:2:      layout_basic, uniq_jessica
D:3:      layout_loops_ring, grunt_temple_overflow_gold_and_silver
D:4:      layout_loops_ring, minmay_temple_entry_enclosed_plants,
          gup_sewer_entry_pipe, nzn_random_ring, uniq_ijyb, uniq_sigmund
D:5:      layout_cave_pools, lemuel_mausoleum_altar_kikubaaqudgha, uniq_edmund,
          uniq_grinder
D:6:      layout_rooms, nicolae_ru_the_path_less_chosen, serial_shops,
          kennysheep_mini_moat, hangedman_abyss_or_decor_stagger, uniq_pikel
D:7:      minmay_blocky_corners, layout_basic, kennysheep_orc_sif_temple,
          mainiacjoe_overflow_catwalk, general_overflow_altar
D:8:      layout_basic, mainiacjoe_overflow_alcove_1
D:9:      layout_loops_cross, lair_entry_dummy,
          nicolae_concentric_dashed_squares_wild, due_unseen_surprise
D:10:     layout_rooms, orc_0_dummy
D:11:     layout_grid_maze
D:12:     layout_cross
D:13:     layout_cave_pools, skrybe_vaults_entry_preservation
D:14:     layout_layer_cave, minivault_25, nicolae_qazlal_scattered_showers,
          uniq_jorgrun
D:15:     grunt_enter_depths_hoard, layout_stronghold,
          nicolae_gozag_zags_fifth_avenue, wad_scary_box, uniq_kirke
Temple:   eino_temple_lava
Lair:1:   layout_gridlike, nicolae_volcano_entry_lava_flow
Lair:2:   layout_small_grid, nicolae_swamp_entry_splash_gauntlet,
          dummy_spider_entry, uniq_sonja
Lair:3:   layout_roguey, serial_bayou_shore_b
Orc:1:    layout_caves
Orc:2:    pf_orc_diabolical, layout_diamond_mine, special_room, abandoned_shop

Skill      XL: |  1  2  3  4  5  6  7  8  9 10 11 12 13 14 |
---------------+-------------------------------------------+-----
Armour         | 4 5 6 7 8 10 11 13 | 13.6
Fighting       | 4 5 6 7 8 10 11 13 | 13.6
Axes           | 3 4 5 6 8 9 12 15 17 19 20 | 20.0
Shields        | 4 5 8 10 | 10.8
Stealth        | 1 3 4 5 |  5.0
Dodging        | 1 3 5 |  5.0
Evocations     | 1 2 5 |  5.0
Invocations    | 1 2 5 |  5.0

Action                   |  1- 3 |  4- 6 |  7- 9 | 10-12 | 13-15 || total
-------------------------+-------+-------+-------+-------+-------++-------
Melee: War axe           |    83 |   104 |   238 |   444 |       ||   869
       Headbutt          |     9 |    12 |    67 |   106 |    78 ||   272
       Hand axe          |       |       |    90 |       |       ||    90
       Broad axe         |       |       |       |    88 |   415 ||   503
Invok: Heroism           |       |       |     3 |    12 |    11 ||    26
       Finesse           |       |       |       |     1 |     8 ||     9
Evoke: Wand              |       |     4 |     2 |     1 |       ||     7
  Use: Scroll            |     5 |     3 |     4 |     6 |     3 ||    21
       Potion            |     4 |     3 |     6 |    10 |     4 ||    27
 Stab: Paralysed         |       |     3 |     6 |       |       ||     9
       Sleeping          |       |       |       |     6 |     2 ||     8
       Distracted        |       |       |       |       |     1 ||     1
Armor: Scale mail        |    35 |       |       |       |       ||    35
       Chain mail        |     2 |    66 |   146 |    37 |       ||   251
       Leather armour    |       |       |       |    51 |       ||    51
       Robe              |       |       |       |    17 |       ||    17
       Ring mail         |       |       |       |    59 |   164 ||   223
       Skin              |       |       |       |     9 |       ||     9
Dodge: Dodged            |    44 |    38 |   106 |   165 |   147 ||   500
Block: Buckler           |    20 |    20 |    48 |    78 |   119 ||   285
